 Dungeon Crawl Stone Soup version 0.24-a0-446-g87df7205b4 (webtiles) character file.

Game seed: 3016321229671426984

128251 MachJacob the Spear-Bearer (level 16, 0/132 HPs)
             Began as a Yellow Draconian Air Elementalist on June 23, 2019.
             Was the Champion of Ru.
             Slain by the 27-headed Lernaean hydra (13 damage)
             ... on level 4 of the Swamp.
             The game lasted 03:13:03 (58824 turns).

MachJacob the Spear-Bearer (DrAE)                  Turns: 58824, Time: 03:13:03

Health: 0/132      AC: 14    Str: 13    XL:     16   Next: 48%
Magic:  23/23      EV: 18    Int: 21    God:    Ru [******]
Gold:   1080       SH: 12    Dex: 16    Spells: 2/25 levels left

rFire    + . .     SeeInvis +   a - +4 demon trident (vamp) {!w}
rCold    . . .     Gourm    .   v - +2 shield of Resistance {rF+ rC+ MR+}
rNeg     . . .     Faith    .   (armour unavailable)
rPois    .         Spirit   .   F - +0 hat "Babbyr" {rF+ Str+3 Dex+2 SInv}
rElec    .         Reflect  .   g - scarf {cloud immunity}
rCorr    +         Harm     .   G - +2 pair of gloves
MR       +++..                  b - +1 pair of boots
Stlth    ++........             t - amulet of rage
HPRegen  0.32/turn              E - ring of wizardry
MPRegen  0.18/turn              l - ring of protection from magic

@: about to teleport, lightly drained
A: spit acid, unfitting armour, acidic bite, cold-blooded, inability to use
devices, unskilled 1, temperature sensitive, acid resistance, AC +9
a: Breathe Acid, Draw Out Power, Power Leap, Apocalypse, Renounce Religion


You were on level 4 of the Swamp.
You worshipped Ru.
Ru was exalted by your worship.
You were not hungry.

You visited 5 branches of the dungeon, and saw 28 of its levels.
You also visited: Ossuary.

You collected 3144 gold pieces.
You spent 2064 gold pieces at shops.

Inventory:

Hand Weapons
 a - a +4 vampiric demon trident (weapon) {!w}
   (You bought it in a shop on level 6 of the Dungeon)
Missiles
 d - 6 throwing nets {!f}
 k - 544 stones (quivered)
 J - 3 curare-tipped darts {!f}
Armour
 b - a +1 pair of boots (worn)
   (You found it on level 9 of the Dungeon)
 g - a scarf of cloud immunity (worn)
   (You found it on level 1 of the Dungeon)
 v - the +2 shield of Resistance (worn) {rF+ rC+ MR+}
   (You bought it in a shop on level 2 of the Orcish Mines)

   It protects you from fire.
   It protects you from cold.
   It affects your resistance to hostile enchantments.
 F - the +0 hat "Babbyr" (worn) {rF+ Str+3 Dex+2 SInv}
   (You acquired it on level 14 of the Dungeon)

   It affects your strength (+3).
   It affects your dexterity (+2).
   It protects you from fire.
   It lets you see invisible.
 G - a +2 pair of gloves (worn)
   (You found it on level 9 of the Dungeon)
 N - a +0 cloak of magic resistance
   (You acquired it on level 14 of the Dungeon)
Jewellery
 i - an uncursed ring of protection from fire
   (You found it on level 4 of the Lair of Beasts)
 l - a ring of protection from magic (right hand)
   (You took it off an orc on level 12 of the Dungeon)
 o - an uncursed ring of protection from cold
   (You found it on level 1 of the Dungeon)
 t - an amulet of rage (around neck)
   (You found it on level 2 of the Dungeon)
 z - an uncursed ring of see invisible
   (You found it on level 6 of the Lair of Beasts)
 E - a ring of wizardry (left hand)
   (You found it on level 2 of the Lair of Beasts)
 K - a +3 ring of protection
   (You found it on level 1 of the Lair of Beasts)
Scrolls
 c - 2 scrolls of magic mapping
 m - 10 scrolls of remove curse {@r2}
 p - 9 scrolls of teleportation {@r4}
 u - a scroll of blinking
 y - 4 scrolls of vulnerability {!r}
 B - a scroll of torment {!r}
 D - a scroll of holy word
 H - a scroll of fog
 I - 8 scrolls of immolation {!r}
Potions
 f - 13 potions of curing {@q1}
 h - 7 potions of agility
 j - 2 potions of brilliance
 n - 4 potions of flight
 q - 4 potions of might
 r - 4 potions of haste {@q3}
 s - a potion of magic
 w - a potion of resistance
 A - 2 potions of ambrosia
 L - a potion of cancellation
 M - 6 potions of mutation {!q}
 O - 3 potions of heal wounds {@q2}
 P - 3 potions of lignification {!q}
Comestibles
 e - 20 rations {!d}


   Skills:
 + Level 9.2(9.0) Fighting
 - Level 14.0(13.8) Polearms
 + Level 10.0(9.9) Dodging
 - Level 1.5(1.4) Stealth
 + Level 6.9(6.8) Shields
 - Level 5.0(4.9) Spellcasting
 - Level 8.0(7.9) Conjurations
 - Level 3.0(2.9) Hexes
 - Level 5.0(4.9) Charms
 - Level 5.0(4.9) Summonings
 - Level 8.0(7.9) Necromancy
 - Level 12.0(11.9) Air Magic


You had 2 spell levels left.
You knew the following spells:

 Your Spells              Type           Power        Failure   Level  Hunger
a - Shock                 Conj/Air       ####         1%          1    None
b - Airstrike             Air            ######....   1%          4    ####...
c - Lightning Bolt        Conj/Air       #####.....   6%          5    #####..
d - Static Discharge      Conj/Air       #####...     1%          3    ##.....
e - Regeneration          Chrm/Necr      ####......   2%          3    ##.....
f - Confusing Touch       Hex            ###...       4%          1    None
s - Swiftness             Chrm/Air       #####...     1%          2    None
z - Summon Lightning Spi  Summ/Air       #####...     4%          4    ####...

Your spell library contained the following spells:

 Spells                   Type           Power        Failure   Level  Hunger
 Infusion                 Chrm           ####         1%          1    None
 Summon Small Mammal      Summ           ####         1%          1    None
 Poisonous Vapours        Pois/Air       ####..       1%          2    None
 Sting                    Conj/Pois      ###.         2%          1    None
 Song of Slaying          Chrm           ####....     2%          2    None
 Corona                   Hex            ###....      4%          1    None
 Throw Frost              Conj/Ice       ###...       4%          2    None
 Slow                     Hex            ###.....     6%          2    None
 Shroud of Golubria       Chrm/Tloc      ###...       7%          2    None
 Beastly Appendage        Tmut           #.....       13%         1    None
 Freeze                   Ice            #...         13%         1    None
 Sticks to Snakes         Tmut           #.......     19%         2    None
 Mephitic Cloud           Conj/Pois/Air  ####....     2%          3    ##.....
 Conjure Flame            Conj/Fire      ###.....     8%          3    ##.....
 Spectral Weapon          Hex/Chrm       ###.....     8%          3    ##.....
 Summon Guardian Golem    Hex/Summ       ###.....     8%          3    ##.....
 Confuse                  Hex            ###.....     12%         3    ##.....
 Ozocubu's Armour         Chrm/Ice       ###.....     14%         3    ##.....
 Inner Flame              Hex/Fire       ##......     21%         3    ##.....
 Portal Projectile        Hex/Tloc       ##....       21%         3    ##.....
 Throw Icicle             Conj/Ice       ###.....     24%         4    ####...
 Iskenderun's Battlesphe  Conj/Chrm      ####....     26%         5    #####..
 Gell's Gravitas          Tloc           #.........   34%         3    ##.....
 Spider Form              Tmut/Pois      #.........   34%         3    ##.....
 Cause Fear               Hex            ###.......   34%         4    ####...
 Summon Ice Beast         Ice/Summ       ###.....     41%         4    ####...
 Deflect Missiles         Chrm/Air       #####.....   50%         6    #######
 Leda's Liquefaction      Hex/Erth       ##........   52%         4    ####...
 Venom Bolt               Conj/Pois      ###.......   52%         5    #####..
 Summon Mana Viper        Hex/Summ       ###.....     54%         5    #####..
 Bolt of Magma            Conj/Fire/Erth ###.......   71%         5    #####..
 Ice Form                 Ice/Tmut       #.......     75%         4    ####...
 Olgreb's Toxic Radiance  Pois           #.......     75%         4    ####...
 Petrify                  Tmut/Erth      #.......     75%         4    ####...
 Freezing Cloud           Conj/Ice/Air   ####......   75%         6    #######
 Metabolic Englaciation   Hex/Ice        ##........   86%         5    #####..
 Yara's Violent Unravell  Hex/Tmut       ##........   86%         5    #####..
 Shadow Creatures         Summ           N/A          92%         6    #######
 Blade Hands              Tmut           #.........   96%         5    #####..
 Iron Shot                Conj/Erth      ###.......   97%         6    #######
 Orb of Destruction       Conj           #####.....   98%         7    #######
 Spellforged Servitor     Conj/Summ      ####......   99%         7    #######
 Ring of Flames           Chrm/Fire      ###.......   100%        7    #######
 Summon Hydra             Summ           ####......   100%        7    #######
 Shatter                  Erth           #.........   100%        9    #######


Dungeon Overview and Level Annotations

Branches:
Dungeon (15/15)            Temple (1/1) D:5            Lair (6/6) D:10
  Swamp (4/4) Lair:4        Snake (0/4) Lair:4        Slime (0/5) Lair:5
    Orc (2/2) D:11            Elf (0/3) Orc:2        Vaults (0/5) D:14
 Depths (0/5) D:15

Altars:
Ashenzari
Cheibriados
Dithmenos
Elyvilon
Fedhas
Gozag
Hepliaklqana
Kikubaaqudgha
Makhleb
Nemelex Xobeh
Okawaru
Qazlal
Ru
Sif Muna
Trog
Uskayaw
Vehumet
Wu Jian
Xom
Yredelemnul
Zin
The Shining One
Beogh
Jiyva

Shops:
D:6 *   D:11 %   D:15 }   Orc:2 :[*(:

Portals:
Trove: D:10 (give +4 shadow dragon scales)

Annotations:
D:5 1 runed translucent door, Crazy Yiuf
Lair:1 2 transporters, exclusion: downstairs, firegrace's ghost, journeyman TrBe
Lair:4 1 runed translucent door
Swamp:1 why can he swim, exclusions: ghost crab and 1 more exclusion
Swamp:3 exclusion: Roxanne, Roxanne
Swamp:4 Lernaean hydra


Innate Abilities, Weirdness & Mutations

You can spit globs of acid.
Your golden yellow scales are hard. (AC +9)
You cannot fit into any form of body armour.
You have acidic saliva.
You are cold-blooded and may be slowed by cold attacks.
You cannot study or use magical devices.
You are somewhat unskilled. (-1 Apt)
You are sensitive to extremes of temperature. (rF-, rC-)
You are resistant to acid. (rCorr)


Message History

The 27-headed Lernaean hydra completely misses you.
The 27-headed Lernaean hydra bites you but does no damage. x2
The 27-headed Lernaean hydra bites you.
The 27-headed Lernaean hydra closely misses you.
The 27-headed Lernaean hydra bites you but does no damage.
The 27-headed Lernaean hydra closely misses you. x2
The 27-headed Lernaean hydra barely misses you.
The 27-headed Lernaean hydra bites you. The 27-headed Lernaean hydra bites you!
* * * LOW HITPOINT WARNING * * *
Okay, then.
Here: the 27-headed Lernaean hydra Some shallow water.
Okay, then.
Here: the 27-headed Lernaean hydra Some shallow water.
Okay, then.
As you read the scroll of teleportation {@r4}, it crumbles to dust.
You feel strangely unstable.
The 27-headed Lernaean hydra bites you but does no damage.
The 27-headed Lernaean hydra misses you.
You block the 27-headed Lernaean hydra's attack. x2
The 27-headed Lernaean hydra bites you.
* * * LOW HITPOINT WARNING * * *
The 27-headed Lernaean hydra misses you.
The 27-headed Lernaean hydra completely misses you.
The 27-headed Lernaean hydra bites you.
* * * LOW HITPOINT WARNING * * *
The 27-headed Lernaean hydra bites you but does no damage.
You block the 27-headed Lernaean hydra's attack.
The 27-headed Lernaean hydra bites you but does no damage.
The 27-headed Lernaean hydra bites you!
* * * LOW HITPOINT WARNING * * *
The 27-headed Lernaean hydra barely misses you.
The 27-headed Lernaean hydra bites you!
* * * LOW HITPOINT WARNING * * *
The 27-headed Lernaean hydra bites you but does no damage.
The 27-headed Lernaean hydra bites you!
* * * LOW HITPOINT WARNING * * *
The 27-headed Lernaean hydra completely misses you.
The 27-headed Lernaean hydra bites you.
* * * LOW HITPOINT WARNING * * *
The 27-headed Lernaean hydra bites you.
* * * LOW HITPOINT WARNING * * *
You block the 27-headed Lernaean hydra's attack.
The 27-headed Lernaean hydra completely misses you.
The 27-headed Lernaean hydra closely misses you.
The 27-headed Lernaean hydra misses you. x2
The 27-headed Lernaean hydra completely misses you.
The 27-headed Lernaean hydra bites you!
You die...

..#'####≈≈.≈...♣♣.≈≈≈..≈≈..≈♣
(......#≈≈≈≈≈≈≈....≈♣≈≈≈..≈♣♣ .#
≈(.(.8D#≈≈≈≈≈≈≈≈.≈.≈≈......♣♣ $
..?....≈≈≈≈≈≈≈≈...♣♣♣♣.≈.♣♣♣
....P≈#.≈≈≈≈≈≈≈≈..♣♣♣♣..≈♣ ♣
#########≈≈....≈≈≈≈≈≈.≈♣♣≈≈≈≈♣♣♣♣
⌠#⌠...#°.°≈#°...≈≈≈§≈≈≈♣≈≈≈≈.≈§♣♣
.#.≈......§○○○♣D.≈≈≈≈≈.♣≈≈§.≈≈≈≈≈
...≈≈...k(.#○♣♣♣@≈§.≈.≈♣≈.≈.≈≈≈≈.
..≈.8...≈≈.#≈♣♣♣≈..§..♣≈.♣♣♣.≈≈≈.
###.....##.#§≈.≈≈≈♣♣♣≈§≈≈≈♣♣≈≈≈≈(
≈°≈.8....≈.#..≈≈.≈♣ ♣.≈≈≈.♣♣♣§.≈♣
○#....#.≈≈.≈.≈≈..≈♣♣♣.≈≈..≈♣♣♣≈♣♣
....8≈.≈....#♣♣..♣♣§...≈≈.♣♣♣§♣♣
.≈≈P......≈..♣♣♣♣♣≈♣♣..≈≈≈♣♣.≈.♣♣
..#'#.#....≈#♣ ♣ ♣.≈≈≈≈≈.≈≈.≈♣
...≈≈≈≈#####.♣ ♣≈≈≈≈≈.≈.≈≈.♣


You could see the 27-headed Lernaean hydra and a seven-headed hydra.

Vanquished Creatures
  Frances (D:11)
  A stone giant (Orc:1)
  Josephine (D:10)
  A fire dragon (Lair:6)
  An ogre mage (D:15)
  14 hydras
  2 shambling mangroves
  4 centaur warriors
  A vampire mage (D:14)
  8 two-headed ogres
  11 alligators
  2 orc high priests
  Sonja (Lair:1)
  Urug (Orc:1)
  4 spriggan druids
  A skeletal warrior (D:14)
  A wizard (D:14)
  An unseen horror (D:12)
  11 swamp dragons
  A shadow dragon zombie (D:15)
  An orc knight (Orc:1)
  6 cyclopes
  4 ugly things
  A fire giant zombie (D:15)
  3 orc sorcerers
  A deep elf mage (D:15)
  An elephant (shapeshifter) (D:14)
  A stone giant skeleton (D:15)
  2 manticores
  Maurice (D:10)
  A fire giant skeleton (D:15)
  5 black mambas
  Joseph (D:7)
  3 centaur zombies
  12 spiny frogs
  A gargoyle (D:14)
  5 kobold demonologists
  5 yaktaurs
  6 komodo dragons
  7 rime drakes
  An efreet (D:15)
  5 trolls
  A troll (shapeshifter) (D:15)
  8 hornets
  A merfolk (D:12)
  6 polar bears (Lair:6)
  10 blink frogs
  7 tyrant leeches
  15 bog bodies
  12 slime creatures
  2 raiju (Lair:6)
  7 hippogriffs
  A vampire (D:15)
  5 water elementals (D:14)
  2 spriggans (Swamp:2)
  5 wyverns
  47 yaks
  A shadow (D:14)
  4 wraiths
  3 basilisks
  10 vampire mosquitoes
  A hungry ghost (D:14)
  2 steam dragons
  5 wargs
  9 insubstantial wisps
  3 nagas (Lair:4)
  3 soldier ants
  20 swamp worms
  3 acid dragons
  9 porcupines
  12 hell hounds (Lair:6)
  4 ice beasts
  14 water moccasins
  19 orc warriors
  4 sky beasts
  12 swamp drakes
  11 black bears
  12 ogres
  6 boggarts (D:15)
  12 wolves (Lair:6)
  5 centaurs
  16 crocodiles
  4 big kobolds
  15 bullfrogs
  3 wyvern skeletons
  3 scorpions
  A water moccasin skeleton (D:11)
  17 killer bees
  6 wights
  3 howler monkeys
  9 electric eels
  2 bullfrog zombies
  7 crimson imps
  2 quasits
  5 jellies
  A gnoll shaman (D:10)
  6 hounds
  3 bullfrog skeletons
  12 orc priests
  23 orc wizards
  A centaur skeleton (D:9)
  6 iguanas
  11 worker ants
  8 hell rats
  2 killer bee zombies
  8 mummies (Ossuary)
  A worker ant zombie (D:7)
  17 gnolls
  11 adders
  12 river rats
  2 shadow imps
  2 adder skeletons (D:6)
  2 worms
  A dart slug (D:1)
  5 leopard geckos
  58 orcs
  5 giant cockroaches
  4 goblins
  8 hobgoblins
  13 jackals
  4 quokkas
  4 ball pythons
  10 bats
  7 frilled lizards
  2 gnoll zombies (Ossuary)
  26 kobolds
  3 kobold zombies (Ossuary)
  A leopard gecko skeleton (D:6)
  3 orc zombies (Ossuary)
  6 rats
  2 fungi
  A plant (Lair:6)
838 creatures vanquished.

Vanquished Creatures (collateral kills)
  Donald (Swamp:1)
  Aizul (Swamp:3)
  An orc warlord (Orc:1)
  An ironheart preserver (D:14)
  Nessos (D:13)
  11 hydras
  A ghost crab (Swamp:3)
  A centaur warrior (D:14)
  3 alligators
  Nergalle (Lair:4)
  4 swamp dragons
  A necromancer (D:14)
  A cyclops (Orc:1)
  4 orc sorcerers
  An orc knight (Orc:2)
  3 ugly things (D:14)
  An oklob plant (Lair:6)
  A black mamba (Lair:5)
  3 spiny frogs
  A guardian mummy (D:14)
  2 trolls
  3 polar bears (Lair:6)
  2 bog bodies
  3 tyrant leeches
  2 slime creatures
  A blink frog (Lair:6)
  10 yaks
  A basilisk (Lair:4)
  5 vampire mosquitoes
  A swamp worm (Swamp:3)
  A water moccasin (Lair:5)
  3 orc warriors
  A swamp drake (Swamp:4)
  3 hell hounds (Lair:6)
  A boggart (D:15)
  2 black bears (Lair:6)
  An ogre (Orc:2)
  A wolf (Lair:6)
  A centaur (D:13)
  A crocodile (Lair:6)
  A wight (D:13)
  3 orc priests
  An iguana (Lair:6)
  An orc wizard (D:14)
  4 orcs (Orc:1)
  A plant (Lair:5)
98 creatures vanquished.

Vanquished Creatures (others)
  A catoblepas (Lair:6)
  2 hydras
  A two-headed ogre (D:15)
  A rime drake (Lair:6)
  A tyrant leech (Swamp:1)
  A bog body (Swamp:3)
  A blink frog (Lair:4)
  A porcupine (Lair:4)
  A phantom (D:6)
  A black bear (D:9)
  A big kobold (D:13)
  A wight (D:8)
  An orc wizard (D:13)
  A hell rat (Lair:5)
  A bush (Swamp:4)
  38 fungi
  58 plants
  2 withered plants (D:15)
114 creatures vanquished.

Grand Total: 1050 creatures vanquished

Notes
Turn   | Place    | Note
-------+----------+-------------------------------------------
     0 | D:1      | MachJacob the Draconian Air Elementalist began the quest
                  | for the Orb.
     0 | D:1      | Reached XP level 1. HP: 14/14 MP: 3/3
   336 | D:1      | Reached XP level 2. HP: 20/20 MP: 0/5
   613 | D:1      | Learned a level 2 spell: Swiftness
  1164 | D:1      | Reached XP level 3. HP: 26/26 MP: 3/6
  1169 | D:1      | Learned a level 3 spell: Static Discharge
  2425 | D:2      | Reached XP level 4. HP: 29/33 MP: 2/7
  3341 | D:3      | Reached XP level 5. HP: 38/38 MP: 0/8
  3987 | D:4      | Found a sacrificial altar of Ru.
  3998 | D:4      | Became a worshipper of Ru the Awakened
  4285 | D:4      | Reached XP level 6. HP: 45/45 MP: 4/10
  4931 | D:4      | Found a basalt altar of Yredelemnul.
  4931 | D:4      | Found a hazy altar of Hepliaklqana.
  4936 | D:4      | Found a deep blue altar of Sif Muna.
  4940 | D:4      | Found a glowing silver altar of Zin.
  4942 | D:4      | Found an opulent altar of Gozag.
  5244 | D:5      | Entered Level 5 of the Dungeon
  5341 | D:5      | Found a staircase to the Ecumenical Temple.
  5522 | D:5      | Reached skill level 5 in Air Magic
  5633 | Temple   | Entered the Ecumenical Temple
  5779 | D:5      | Found a shadowy altar of Dithmenos.
  5913 | D:5      | Your scales start taking on a golden yellow colour.
  5913 | D:5      | Reached XP level 7. HP: 50/50 MP: 8/11
  5913 | D:5      | Gained mutation: You are resistant to acid. (rCorr) [Yellow
                  | Draconian growth]
  5931 | D:5      | Gained mutation: You are somewhat unskilled. (-1 Apt) [Ru
                  | sacrifice]
  5931 | D:5      | Reached * piety under Ru
  6173 | D:5      | Reached skill level 5 in Air Magic
  6572 | D:5      | Found a runed translucent door.
  6573 | D:5      | Noticed Crazy Yiuf
  6816 | D:6      | Found Qejeja Fecw's Lightly-Used Armoury.
  6887 | D:6      | Bought a -1 demon trident for 110 gold pieces
  6957 | D:6      | Found a sand-covered staircase.
  6965 | Ossuary  | Entered an ossuary
  7227 | Ossuary  | Learned a level 4 spell: Airstrike
  7864 | D:6      | Reached skill level 5 in Conjurations
  7864 | D:6      | Reached XP level 8. HP: 57/57 MP: 7/13
  8933 | D:7      | Identified Dispater's Collected Works on Supportive Clay
  9627 | D:7      | Noticed Joseph
  9724 | D:7      | Gained mutation: You cannot study or use magical devices.
                  | [Ru sacrifice]
  9724 | D:7      | Reached ** piety under Ru
  9724 | D:7      | Reached *** piety under Ru
  9724 | D:7      | Reached **** piety under Ru
  9821 | D:7      | Reached XP level 9. HP: 62/62 MP: 12/15
 11247 | D:8      | Found a sparkling altar of Nemelex Xobeh.
 11848 | D:9      | Reached skill level 1 in Shields
 11855 | D:9      | Reached skill level 5 in Spellcasting
 12021 | D:9      | Reached skill level 5 in Dodging
 12124 | D:9      | Reached XP level 10. HP: 62/69 MP: 5/17
 12225 | D:9      | Reached skill level 1 in Polearms
 12950 | D:9      | Reached skill level 2 in Polearms
 13290 | D:10     | Entered Level 10 of the Dungeon
 13294 | D:10     | Noticed Maurice
 13420 | D:10     | Killed Maurice
 13421 | D:10     | Noticed a two-headed ogre
 13546 | D:10     | Noticed Josephine
 13559 | D:9      | Reached skill level 3 in Polearms
 13678 | D:9      | Learned a level 5 spell: Lightning Bolt
 13683 | D:9      | Learned a level 4 spell: Summon Lightning Spire
 13951 | D:10     | Killed a two-headed ogre
 13951 | D:10     | Reached skill level 4 in Polearms
 14010 | D:10     | Noticed a two-headed ogre
 14025 | D:10     | Killed a two-headed ogre
 14120 | D:9      | Reached skill level 5 in Polearms
 14335 | D:10     | You fall into a shaft and drop 3 floors!
 14335 | D:13     | Noticed a centaur warrior
 14335 | D:13     | Noticed a centaur warrior
 14348 | D:13     | Killed a centaur warrior
 14348 | D:13     | Reached XP level 11. HP: 45/74 MP: 18/18
 14355 | D:13     | Killed a centaur warrior
 14355 | D:13     | Reached skill level 6 in Polearms
 14368 | D:13     | Noticed a centaur warrior
 14383 | D:13     | Killed a centaur warrior
 14545 | D:13     | Noticed a two-headed ogre
 14552 | D:13     | Killed a two-headed ogre
 14552 | D:13     | Reached skill level 7 in Polearms
 14914 | D:12     | Noticed a sun demon
 14917 | D:12     | Noticed a sixfirhy
 15277 | D:12     | Noticed Frances
 15489 | D:11     | Reached skill level 8 in Polearms
 15517 | D:11     | Found a staircase to the Orcish Mines.
 15679 | D:11     | Found a blossoming altar of Fedhas.
 15930 | D:11     | Noticed a purple ugly thing
 16351 | D:10     | Found a portal to a secret trove of treasure.
 16730 | D:10     | Killed Josephine
 16730 | D:10     | Reached skill level 1 in Summonings
 17071 | D:10     | Noticed a five-headed hydra
 17628 | D:11     | Found Jydux's Food Shoppe.
 17682 | D:11     | Killed a purple ugly thing
 18461 | D:7      | Killed Joseph
 18461 | D:7      | Reached XP level 12. HP: 71/81 MP: 8/19
 18663 | D:10     | Killed a five-headed hydra
 18663 | D:10     | Reached skill level 9 in Polearms
 18985 | D:10     | Found a staircase to the Lair.
 19095 | Lair:1   | Entered Level 1 of the Lair of Beasts
 19144 | Lair:1   | Found a transporter.
 19144 | Lair:1   | Found a transporter.
 19144 | Lair:1   | Noticed firegrace's ghost (journeyman TrBe)
 20077 | Lair:1   | Noticed Sonja
 20083 | Lair:1   | Killed Sonja
 20083 | Lair:1   | Reached skill level 1 in Fighting
 20460 | Lair:1   | Noticed a five-headed hydra
 20471 | Lair:1   | Killed a five-headed hydra
 22724 | Lair:2   | Reached skill level 10 in Polearms
 23278 | Lair:3   | Reached skill level 10 in Air Magic
 23407 | Lair:3   | You fall into a shaft and drop 3 floors!
 23407 | Lair:6   | Entered Level 6 of the Lair of Beasts
 23613 | Lair:6   | Noticed a catoblepas
 23887 | Lair:6   | Reached XP level 13. HP: 83/95 MP: 12/20
 24678 | Lair:4   | Noticed Nergalle
 25214 | Lair:4   | Killed Nergalle
 25686 | Lair:4   | Found a staircase to the Snake Pit.
 25834 | Lair:4   | Found a stormy altar of Qazlal.
 26632 | Lair:4   | Found a staircase to the Swamp.
 27018 | Lair:4   | Found a runed translucent door.
 27146 | Lair:4   | Reached skill level 5 in Summonings
 27741 | Lair:5   | Found a viscous altar of Jiyva.
 27742 | Lair:5   | Found a staircase to the Slime Pits.
 27841 | Lair:5   | Reached skill level 11 in Polearms
 29697 | Lair:6   | Reached skill level 5 in Fighting
 30792 | Lair:6   | Noticed a fire dragon
 31955 | Lair:6   | Gained mutation: You have acidic saliva. [Yellow Draconian
                  | growth]
 31955 | Lair:6   | Reached XP level 14. HP: 98/107 MP: 16/21
 34382 | Orc:1    | Entered Level 1 of the Orcish Mines
 34862 | Orc:1    | Reached skill level 12 in Polearms
 35570 | Orc:1    | Found a roughly hewn altar of Beogh.
 35639 | Orc:1    | Noticed a stone giant
 35665 | Orc:1    | Killed a stone giant
 35866 | Orc:2    | Entered Level 2 of the Orcish Mines
 36688 | Orc:2    | Noticed an orc warlord
 36688 | Orc:2    | Noticed Urug
 37829 | Orc:1    | Killed an orc warlord
 37987 | Orc:1    | Killed Urug
 39095 | Orc:2    | Found a roughly hewn altar of Beogh.
 39204 | Orc:2    | Found Giuzxan's Book Boutique.
 39259 | Orc:2    | Found a roughly hewn altar of Beogh.
 39296 | Orc:2    | Found Betyxaf's General Store.
 39310 | Orc:2    | Found Taam Xeh's Antique Weapon Boutique.
 39384 | Orc:2    | Found a staircase to the Elven Halls.
 39400 | Orc:2    | Found Vaisawki's Book Shop.
 39576 | Orc:2    | Found Puiph's Antique Armour Boutique.
 39592 | Orc:2    | Bought the +2 shield of Resistance {rF+ rC+ MR+} for 1274
                  | gold pieces
 39592 | Orc:2    | Found the +2 shield of Resistance {rF+ rC+ MR+}
 39632 | Orc:2    | Bought a book of Battle for 680 gold pieces
 39639 | Orc:2    | Learned a level 3 spell: Regeneration
 39781 | D:11     | Killed Frances
 40237 | D:12     | Reached skill level 1 in Necromancy
 40281 | D:12     | Reached skill level 1 in Charms
 41278 | D:13     | Noticed Nessos
 41287 | D:13     | Killed Nessos
 41698 | D:13     | Got a pair of brightly glowing boots
 41701 | D:13     | Identified the +0 pair of boots of Eternity {Str+3 Dex+2}
                  | (You found it on level 13 of the Dungeon)
 41822 | D:14     | Identified 2 scrolls of acquirement
 41839 | D:14     | Got a faintly glowing hat
 41840 | D:14     | Identified the +0 hat "Babbyr" {rF+ Str+3 Dex+2 SInv} (You
                  | acquired it on level 14 of the Dungeon)
 41841 | D:14     | Gained mutation: You are sensitive to extremes of
                  | temperature. (rF-, rC-) [Ru sacrifice]
 41841 | D:14     | Reached ***** piety under Ru
 41841 | D:14     | Reached ****** piety under Ru
 43358 | D:14     | Identified the +8 plate armour of Moetomeir {rN+ SInv}
 43528 | D:14     | Noticed an ironheart preserver
 43554 | D:14     | Killed an ironheart preserver
 44014 | D:14     | Reached XP level 15. HP: 105/118 MP: 14/22
 44335 | D:14     | Found a gate to the Vaults.
 44993 | D:14     | Reached skill level 13 in Polearms
 45334 | D:15     | Entered Level 15 of the Dungeon
 45908 | D:15     | Found a staircase to the Depths.
 46048 | D:15     | Reached skill level 5 in Shields
 47690 | D:15     | Found Otuzime's Gadget Emporium.
 48628 | Swamp:1  | Entered Level 1 of the Swamp
 49111 | Swamp:1  | Learned a level 1 spell: Confusing Touch
 49167 | Lair:4   | Reached skill level 5 in Necromancy
 49480 | Swamp:1  | Noticed Donald
 49492 | Swamp:1  | Killed Donald
 49913 | Lair:4   | Reached skill level 5 in Charms
 50057 | Swamp:1  | Reached skill level 1 in Hexes
 50506 | Swamp:1  | Identified Dieref's Almanac of Creative Enhancements
 53295 | Swamp:3  | Noticed Aizul
 54159 | Swamp:3  | Reached XP level 16. HP: 129/129 MP: 2/23
 54963 | Swamp:3  | Identified Roxanne's Collected Works on Moulding
 54963 | Swamp:3  | Noticed Roxanne
 55007 | Swamp:3  | Killed Aizul
 55844 | Swamp:4  | Entered Level 4 of the Swamp
 56444 | Swamp:4  | Reached skill level 14 in Polearms
 56793 | Swamp:4  | Identified the Guide on Assistive Companions
 58098 | Swamp:4  | Reached skill level 10 in Dodging
 58798 | Swamp:4  | Noticed the 27-headed Lernaean hydra
 58824 | Swamp:4  | Slain by the 27-headed Lernaean hydra

Levels and vault maps discovered:
D:1:      matt_arrival_grand_opening, layout_loops_ring
D:2:      layout_basic, minmay_misc_feat_encased, minmay_misc_feat_pillars,
          chequers_serial_rivers_small_a
D:3:      layout_rooms, first_ration
D:4:      layout_layer_cave, nicolae_ru_path_of_blood,
          chequers_temple_overflow_minitemple
D:5:      layout_cave_pools, grunt_dithmenos_shadows,
          minmay_temple_entry_statues_pillars, uniq_crazy_yiuf_cottage
D:6:      layout_rooms, nicolae_ossuary_entry_ruins, kennysheep_cross_room,
          minmay_shop_damaged, solitary_fountain
D:7:      layout_loops_corners, uniq_joseph
D:8:      layout_basic, overflow_temple_1_default
D:9:      layout_loops_ring
D:10:     layout_cave_pools, erik_lair_dragon, nicolae_trove_entry_crossroad,
          uniq_maurice, uniq_josephine
D:11:     layout_basic, orc_0_dummy, serial_shops, nicolae_shop_crystal,
          fedhas_altar_1
D:12:     layout_rooms, hangedman_fish_farm, uniq_frances
D:13:     layout_irregular_city, uniq_nessos
D:14:     layout_basic, skrybe_vaults_entry_preservation, serial_bayou,
          serial_bayou_crossing, serial_bayou_shore_a, serial_bayou_lake_a,
          serial_bayou_pond_b
D:15:     gammafunk_depths_entry_grave, layout_gridville, serial_shops, shop,
          minmay_misc_feat_nine_boxes, hangedman_decor_slide_cut,
          nicolae_twisting_strands
Temple:   jpeg_temple_clearing
Lair:1:   layout_cave_pods, gammafunk_ghost_hive, uniq_sonja
Lair:2:   layout_loops_ring, kennysheep_rathole
Lair:3:   layout_gridlike, beast_lair_carwin_4, grunt_megastairs_4
Lair:4:   onia_ninara_swampy_vault, layout_cave_pods, swamp_mist,
          minmay_snake_entry_guardpost_medium, basic_altar, pf_torpor_hydra,
          infiniplex_staircase_pool_2, uniq_nergalle
Lair:5:   layout_roguey, slime_altar_1, chequers_serial_rivers_large_a,
          beast_lair_carwin_11, serial_bayou_shore_b, grunt_megastairs_5
Lair:6:   hangedman_lair_caniforms_friends, layout_loops_ring,
          guppyfry_lair_end_dragon, grunt_megastairs_1
Swamp:1:  layout_basic_swamp, hangedman_swamp_ruin_wall, swamp_pool5,
          uniq_donald
Swamp:2:  layout_basic_swamp, evilmike_swamp_ruin_house_3
Swamp:3:  layout_basic_swamp, evilmike_swamp_ruin_house_5, swamp_pool3,
          uniq_roxanne, uniq_aizul
Swamp:4:  grunt_swamp_rune_castle, layout_basic_swamp, swamp_pool5
Orc:1:    layout_diamond_mine, basic_altar, nicolae_orc_stony_grotto
Orc:2:    grunt_orc_cross, layout_caves, basic_altar, serial_shops, shop

Skill      XL: |  1  2  3  4  5  6  7  8  9 10 11 12 13 14 15 16 |
---------------+-------------------------------------------------+-----
Dodging        | 2 3 3 4 5 6 7 8 9 10 | 10.0
Conjurations   | 2 3 4 5 6 7 8 |  8.0
Air Magic      | 4 5 5 6 8 10 11 12 | 12.0
Spellcasting   | 3 4 5 |  5.0
Shields        | 1 4 6 |  6.9
Polearms       | 5 8 10 11 12 13 14 | 14.0
Summonings     | 2 4 5 |  5.0
Fighting       | 3 5 7 8 9 |  9.2
Necromancy     | 3 6 8 |  8.0
Charms         | 3 5 |  5.0
Hexes          | 2 3 |  3.0
Stealth        | |  1.5

Action                   |  1- 3 |  4- 6 |  7- 9 | 10-12 | 13-15 | 16-18 || total
-------------------------+-------+-------+-------+-------+-------+-------++-------
Melee: Dagger            |    15 |     3 |    16 |       |       |       ||    34
       Unarmed           |     1 |       |       |    13 |       |       ||    14
       Demon trident     |       |       |    43 |   670 |  2035 |   356 ||  3104
       Tailslap          |       |       |     5 |    83 |   235 |    47 ||   370
       Bite              |       |       |       |       |   174 |    34 ||   208
Throw: Stone             |     1 |       |     8 |     4 |       |     4 ||    17
 Cast: Shock             |    82 |   165 |   346 |   342 |   559 |    86 ||  1580
       Airstrike         |       |       |     9 |    58 |   120 |    38 ||   225
       Static Discharge  |       |       |     7 |    20 |     1 |       ||    28
       Lightning Bolt    |       |       |       |     6 |    24 |     2 ||    32
       Summon Lightning  |       |       |       |     9 |   140 |    41 ||   190
       Regeneration      |       |       |       |       |    11 |    16 ||    27
Invok: Sacrifice Skill   |       |       |     1 |       |       |       ||     1
       Sacrifice Artific |       |       |     1 |       |       |       ||     1
       Reject Sacrifices |       |       |       |     1 |       |       ||     1
       Draw Out Power    |       |       |       |     3 |     8 |     2 ||    13
       Sacrifice Resista |       |       |       |       |     1 |       ||     1
 Abil: Breathe Acid      |       |       |     3 |    11 |    12 |     2 ||    28
  Use: Scroll            |       |    14 |     9 |     9 |    16 |     5 ||    53
       Potion            |       |     1 |     1 |     1 |       |       ||     3
 Stab: Invisible         |       |       |       |     1 |    15 |     8 ||    24
       Sleeping          |       |       |       |     2 |     3 |     1 ||     6
       Distracted        |       |       |       |     2 |    30 |    13 ||    45
       Paralysed         |       |       |       |       |    12 |     5 ||    17
  Eat: Chunk             |     6 |    11 |    15 |    35 |    94 |     5 ||   166
       Ration            |       |       |     2 |     5 |    16 |     8 ||    31
Armor: Skin              |     6 |    22 |    43 |   108 |   412 |    87 ||   678
Dodge: Dodged            |    15 |    26 |    84 |   404 |   893 |   216 ||  1638
Block: Buckler           |       |       |     1 |   162 |   183 |       ||   346
       Shield            |       |       |       |       |   426 |   182 ||   608

Table legend:
 A = Non-vault XP
 B = Vault XP
 C = Vault XP percentage of total XP
 D = Non-vault monster count
 E = Vault monster count
 F = Vault count percentage of total count
                 A         B        C        D         E       F
            +---------+---------+-------+---------+---------+-------
      Total |  126096 |   57120 |  31.2 |     704 |     241 |  25.5
            +---------+---------+-------+---------+---------+-------
        D:1 |      52 |       0 |   0.0 |      30 |       0 |   0.0
        D:2 |      58 |       0 |   0.0 |      21 |       0 |   0.0
        D:3 |     104 |       0 |   0.0 |      25 |       0 |   0.0
        D:4 |     321 |       0 |   0.0 |      17 |       0 |   0.0
        D:5 |     451 |      11 |   2.4 |      20 |       1 |   4.8
        D:6 |     737 |       0 |   0.0 |      14 |       0 |   0.0
        D:7 |     940 |     427 |  31.2 |      21 |       1 |   4.5
        D:8 |    1625 |       0 |   0.0 |      31 |       0 |   0.0
        D:9 |    3508 |     214 |   5.7 |      51 |       1 |   1.9
       D:10 |    3250 |    2784 |  46.1 |      11 |       9 |  45.0
       D:11 |    3243 |    1973 |  37.8 |      38 |       1 |   2.6
       D:12 |    3359 |     289 |   7.9 |      16 |       1 |   5.9
       D:13 |    7460 |     849 |  10.2 |      39 |       1 |   2.5
       D:14 |   15328 |    5423 |  26.1 |      61 |      17 |  21.8
       D:15 |    9065 |    1755 |  16.2 |      29 |       4 |  12.1
     Lair:1 |    3716 |     604 |  14.0 |      13 |       1 |   7.1
     Lair:2 |    4537 |     202 |   4.3 |      26 |      13 |  33.3
     Lair:3 |    1726 |    1044 |  37.7 |      10 |       7 |  41.2
     Lair:4 |    6170 |    4646 |  43.0 |      25 |      15 |  37.5
     Lair:5 |    6365 |     836 |  11.6 |      30 |       5 |  14.3
     Lair:6 |    6774 |   15050 |  69.0 |      24 |      83 |  77.6
    Swamp:1 |    7677 |    1597 |  17.2 |      21 |       1 |   4.5
    Swamp:2 |   11117 |       0 |   0.0 |      24 |       0 |   0.0
    Swamp:3 |   12920 |    1809 |  12.3 |      34 |       2 |   5.6
    Swamp:4 |    9206 |   11091 |  54.6 |      28 |      29 |  50.9
      Orc:1 |    5396 |    3646 |  40.3 |      38 |      13 |  25.5
      Orc:2 |     991 |    2717 |  73.3 |       7 |      20 |  74.1
    Ossuary |       0 |     153 | 100.0 |       0 |      16 | 100.0
            +---------+---------+-------+---------+---------+-------
